 Dungeon Crawl Stone Soup version 0.31-a0-1089-gb20eab6 (webtiles) character file.

Game seed: 13131807645178070744

204 dontdoit the Magician (level 5, -13/41 HPs)
             Began as a Mummy Chaos Knight on Nov 28, 2023.
             Was a Plaything of Xom.
             Mangled by a stone giant (glowing shapeshifter) (31 damage)
             ... on level 2 of the Dungeon.
             The game lasted 00:12:51 (2779 turns).

dontdoit the Magician (Mummy Chaos Knight)          Turns: 2779, Time: 00:12:52

Health: -13/41     AC:  7    Str: 21    XL:     5   Next: 52%
Magic:  11/11      EV: 11    Int: 14    God:    Xom [*.....]
Gold:   78         SH:  0    Dex: 11    Spells: 11/12 levels left

rFire   x . .        a - +0 spear (chaos)
rCold   + . .        (no shield)
rNeg    + + +        b - +2 leather armour
rPois   ∞            f - +0 helmet
rElec   .            (no cloak)
rCorr   .            p - +0 pair of gloves
SInv    .            (no boots)
Will    .....        (no amulet)
Stlth   +            e - +6 ring of strength
HPRegen 0.26/turn    (no ring)
MPRegen 0.12/turn

%: faith
@: no status effects
A: cold resistance 1, negative energy resistance 3, torment resistance 2, heat
vulnerability 1, in touch with death 1, no potions, faith
a: Renounce Religion


You were on level 2 of the Dungeon.
You worshipped Xom.
You were a special plaything of Xom.
You visited 1 branch of the dungeon, and saw 3 of its levels.
You also visited: Sewer.

You collected 78 gold pieces.

Inventory:

Hand Weapons
 a - a +0 spear of chaos (weapon)
Armour
 b - a +2 leather armour (worn)
 f - a +0 helmet (worn)
 l - a +0 robe
 p - a +0 pair of gloves (worn)
Jewellery
 e - a +6 ring of strength (left hand)
Wands
 k - a wand of flame (20)
Scrolls
 d - a scroll of fog
 g - a scroll of enchant weapon
 h - a scroll of revelation
 i - a scroll of torment {unknown}
 j - a scroll of immolation {unknown}
 m - a scroll of fear {unknown}
 n - a scroll of amnesia {unknown}
 o - 3 scrolls of vulnerability {unknown}


   Skills:
 - Level 3.0 Fighting
 + Level 3.1 Polearms
 - Level 1.5 Armour
 + Level 2.0 Dodging
 * Level 4.0 Spellcasting
 + Level 2.0 Necromancy


You had 11 spell levels left.
You knew the following spells:

 Your Spells              Type           Power      Damage    Failure   Level
a - Necrotise             Necr           48%        1d6       10%         1

Your spell library contained the following spells:

 Spells                   Type           Power      Damage    Failure   Level
 Apportation              Tloc           4%         N/A       22%         1
 Summon Small Mammal      Summ           8%         N/A       22%         1


Dungeon Overview and Level Annotations

Branches:
Dungeon (3/15)              Sewer (visited)

Altars:


Innate Abilities, Weirdness & Mutations

You are immune to poison.
Your flesh is cold resistant. (rC+)
You are immune to negative energy. (rN+++)
You are immune to unholy pain and torment.
You are vulnerable to heat. (rF-)
You are in touch with the powers of death.
You do not drink.
You have a special connection with the divine. (Faith)


Message History

You swap places.
A giant cockroach comes into view.
The giant cockroach barely misses you.
You swap places.
Your bat skeleton hits the giant cockroach but does no damage.
Your bat skeleton barely misses the giant cockroach.
The giant cockroach bites you. The giant cockroach barely misses you.
Your bat skeleton hits the giant cockroach but does no damage.
You see here a fuming sapphire potion.
You hit the giant cockroach.
The giant cockroach resists with significant effort.
The giant cockroach is severely wounded.
Your bat skeleton misses the giant cockroach.
Your bat skeleton hits the giant cockroach but does no damage.
The giant cockroach bites your bat skeleton.
You hit the giant cockroach.
You kill the giant cockroach!
A stone giant comes into view.
The stone giant shouts!
You hit the stone giant but do no damage.
You drain the stone giant.
The stone giant is lightly wounded.
Your bat skeleton hits the stone giant but does no damage. x3
Okay, then.
You can't drink.
You swap places.
Your bat skeleton hits the stone giant but does no damage.
Your bat skeleton hits the stone giant.
The stone giant misses you.
Your bat skeleton hits the stone giant but does no damage.
Your bat skeleton hits the stone giant.
Your bat skeleton hits the stone giant but does no damage. x2
The stone giant hits you!!
Ouch! That really hurt!
You see here a fuming sapphire potion.
Your bat skeleton hits the stone giant but does no damage. x2
The stone giant attacks as it pursues you!
The stone giant hits you!!
Ouch! That really hurt!
You die...
Xom chortles!

# #..)###..# # #.....## ##### #.
#.....# ##...## #.# ##...###
##.....## #..## #......##
#.......####
.....##.#.##...#######...........
##.#.......###.......#(..>...###
#.##.......####.................
#.†#.#####..Z.C@##.#.##.###.####
##...##......##.##.#.##.# #
#.......##..[.#.##........
##.#..########.#.##.#.#.##.
.....### .#....#.... .. #......#
.#.##.#.#.#. #. #.##...#
...##...#.... .. ..##<<.# ##.##.#
b.).. #. .###...######## ..# ?.


You could see a stone giant (drained, ally target) and a friendly bat skeleton.

Vanquished Creatures
  Ijyb (D:3)
  7 adders
  4 river rats (Sewer)
  2 worms (D:3)
  A dart slug (D:3)
  5 orcs (D:3)
  5 bats
  4 endoplasms
  2 giant cockroaches
  4 hobgoblins
  2 kobolds
  3 quokkas
  13 ball pythons
  4 frilled lizards
  17 rats (Sewer)
74 creatures vanquished.

Vanquished Creatures (collateral kills)
  An endoplasm (Sewer)
  3 rats (Sewer)
4 creatures vanquished.

Grand Total: 78 creatures vanquished

Notes
Turn   | Place    | Note
-------+----------+-------------------------------------------
     0 | D:1      | dontdoit the Mummy Chaos Knight began the quest for the
                  | Orb.
     0 | D:1      | Reached XP level 1. HP: 18/18 MP: 1/1
   158 | D:1      | XOM: smoke on damage
   246 | D:1      | Reached skill level 1 in Dodging
   246 | D:1      | Reached skill level 1 in Spellcasting
   321 | D:1      | Reached XP level 2. HP: 24/24 MP: 4/4
   369 | D:1      | Learned a level 1 spell: Necrotise
   395 | D:1      | XOM: divination: detect creatures
   407 | D:1      | XOM: god gift: 20 gold pieces
   436 | D:1      | XOM: noise
   996 | D:2      | a hobgoblin changed into a glowing shapeshifter
   996 | D:2      | Noticed a glowing shapeshifter (glowing shapeshifter)
   996 | D:2      | a glowing shapeshifter changed into an eye of devastation
   996 | D:2      | Noticed an eye of devastation (glowing shapeshifter)
   999 | D:2      | an eye of devastation changed into a slime creature
   999 | D:2      | Noticed a slime creature (glowing shapeshifter)
  1004 | D:2      | a slime creature changed into a faun
  1004 | D:2      | Noticed a faun (glowing shapeshifter)
  1005 | D:2      | a faun changed into a redback
  1005 | D:2      | Noticed a redback (glowing shapeshifter)
  1006 | D:2      | XOM: summons 2 friendly demons
  1007 | D:2      | a redback changed into a glowing orange brain
  1007 | D:2      | Noticed a glowing orange brain (glowing shapeshifter)
  1034 | D:2      | Reached skill level 2 in Spellcasting
  1034 | D:2      | Reached XP level 3. HP: 16/29 MP: 4/6
  1161 | D:3      | Found a glowing drain.
  1181 | Sewer    | Entered a sewer
  1221 | Sewer    | XOM: divination: magic mapping
  1233 | Sewer    | Reached skill level 1 in Necromancy
  1277 | Sewer    | XOM: cloud trail
  1297 | Sewer    | Noticed a bullfrog
  1297 | Sewer    | Noticed a bullfrog
  1297 | Sewer    | XOM: 9-stop teleportation journey
  1315 | Sewer    | XOM: divination: detect creatures
  1338 | Sewer    | Reached XP level 4. HP: 7/35 MP: 5/8
  1459 | Sewer    | Reached skill level 3 in Spellcasting
  1573 | Sewer    | XOM: polymorph rat -> bat
  1651 | Sewer    | XOM: confusion
  1929 | Sewer    | Reached XP level 5. HP: 38/41 MP: 1/10
  2018 | Sewer    | XOM: summons 1 hostile demon
  2099 | D:3      | XOM: 4-stop teleportation journey
  2103 | D:3      | XOM: summons 2 hostile shadow creatures
  2253 | D:3      | Noticed Ijyb
  2260 | D:3      | Killed Ijyb
  2337 | D:3      | XOM: 2-stop teleportation journey
  2344 | D:3      | XOM: summons 2 hostile shadow creatures
  2478 | D:3      | XOM: 5-stop teleportation journey
  2574 | D:3      | XOM: smoke on damage
  2679 | D:3      | Reached skill level 4 in Spellcasting
  2775 | D:2      | Noticed a stone giant
  2779 | D:2      | Mangled by a stone giant (glowing shapeshifter)

Illustrated notes

Levels and vault maps discovered:
D:1:      dpeg_arrival_renting, layout_basic
D:2:      layout_rooms, minmay_diced_spiral
D:3:      layout_basic, cheibrodos_sewer_entry_sluice, minivault_27,
          serial_bayou_pond_d, uniq_ijyb

Skill      XL: |  1  2  3  4  5 |
---------------+----------------+-----
Dodging        | 1 2 |  2.0
Spellcasting   | 1 2 3 4 |  4.0
Necromancy     | 1 2 |  2.0
Polearms       | 3 |  3.1
Fighting       | |  3.0
Armour         | |  1.5

Action                     |  1- 3 |  4- 6 || total
---------------------------+-------+-------++-------
  Melee: Spear             |   104 |    63 ||   167
         Punch             |     2 |       ||     2
   Cast: Necrotise         |    12 |    96 ||   108
  Evoke: Wand              |       |     7 ||     7
    Use: Scroll            |     1 |     4 ||     5
   Stab: Sleeping          |     1 |       ||     1
         Paralysed         |       |     1 ||     1
 Armour: Leather armour    |    81 |   114 ||   195
  Dodge: Dodged            |    75 |   114 ||   189

Table legend: (Time is in decaauts)
 A = Elapsed time spent in this place.
 B = Non-inter-level travel time spent in this place.
 C = Inter-level travel time spent in this place.
 D = Time resting spent in this place.
 E = Time spent auto-exploring this place.
 F = Levels seen in this place.
 G = Mean time per level.
                   A        B        C        D        E       F      G
               +--------+--------+--------+--------+--------+-----+--------+
         Total |   2874 |   2837 |     37 |    345 |   1439 |   4 |  718.5 |
       Dungeon |   1875 |   1838 |     37 |     34 |   1339 |   3 |  625.0 |
         Sewer |    999 |    999 |      0 |    311 |    100 |   1 |  999.0 |
               +--------+--------+--------+--------+--------+-----+--------+

Top non-repeatable levels by time:
   Sewer: 999 daAuts
     D:1: 892 daAuts
     D:3: 716 daAuts
     D:2: 265 daAuts
